 Dungeon Crawl Stone Soup version 0.28-a0-845-gfc338a8e3c (webtiles) character file.

Game seed: 12076611009893085311

776 marklar909 the Cudgeller (level 7, -9/57 HPs)
             Began as a Palentonga Abyssal Knight on Nov 13, 2021.
             Was a Believer of Lugonu.
             Killed from afar by an orc wizard (28 damage)
             ... with a bolt of acid
             ... on level 4 of the Dungeon.
             The game lasted 00:09:13 (6181 turns).

marklar909 the Cudgeller (PaAK)                     Turns: 6181, Time: 00:09:14

Health: -9/57      AC: 15    Str: 16 (17) XL:     7   Next: 54%
Magic:  10/10      EV: 12    Int:  9 (10) God:    Lugonu [**....]
Gold:   275        SH:  0    Dex:  9 (10) Spells: 6/6 levels left

rFire   . . .      SeeInvis +   j - +0 flail
rCold   . . .      Faith    .   (no shield)
rNeg    . . .      Spirit   .   d - +0 ring mail
rPois   .          Reflect  .   n - +0 helmet
rElec   .          Harm     .   f - +1 cloak
rCorr   .          Rampage  .   o - +0 pair of gloves
Will    .....                   (no barding)
Stlth   ..........              (no amulet)
HPRegen 0.19/turn               t - +4 ring of evasion
MPRegen 0.12/turn               (no ring)

@: corroded, curled up
A: large, rugged brown scales 3, see invisible, deformed body, roll 1, armoured
tail, reflexive curl, iridescent scales 1, weak 1, devolution 1
a: Rolling Charge, Renounce Religion, Depart the Abyss, Bend Space


You were on level 4 of the Dungeon.
You worshipped Lugonu.
Lugonu was pleased with you.
You visited 1 branch of the dungeon, and saw 5 of its levels.
You visited the Abyss 1 time.

You collected 275 gold pieces.

Inventory:

Hand Weapons
 j - a +0 flail (weapon)
Missiles
 m - 12 poisoned darts
Armour
 d - a +0 ring mail (worn)
 f - a +1 cloak (worn)
 n - a +0 helmet (worn)
 o - a +0 pair of gloves (worn)
Jewellery
 t - a +4 ring of evasion (left hand)
Scrolls
 b - a scroll of fog {unknown}
 c - a scroll of vulnerability
 g - a scroll of holy word {unknown}
 k - a scroll of silence
 l - a scroll of enchant armour
 p - a scroll of amnesia {unknown}
 q - a scroll of fear {unknown}
 r - a scroll of teleportation
 u - 2 scrolls of identify
Potions
 a - 2 potions of attraction
 h - a potion of flight


   Skills:
 + Level 4.3 Fighting
 + Level 5.0 Maces & Flails
 * Level 4.1 Armour
 + Level 1.9 Dodging
 + Level 0.2 Stealth
 * Level 4.3 Invocations


You had 6 spell levels left.
You didn't know any spells.
Your spell library contained the following spells:

 Spells                   Type           Power      Damage    Failure   Level
 Pain                     Necr           0%         1d4       58%         1
 Summon Small Mammal      Summ           0%         N/A       58%         1
 Call Canine Familiar     Summ           0%         N/A       91%         3
 Summon Guardian Golem    Hex/Summ       0%         N/A       91%         3
 Agony                    Necr           0%         N/A       100%        5
 Excruciating Wounds      Necr           0%         N/A       100%        5


Dungeon Overview and Level Annotations

Branches:
Dungeon (5/15)
 Temple: D:4-7

Altars:
Fedhas
Hepliaklqana
Trog
Wu Jian


Innate Abilities, Weirdness & Mutations

You are completely covered in rugged brown scales. (AC +3, +7% HP)
You have supernaturally acute eyesight. (SInv)
Armour fits poorly on your strangely shaped body.
You can roll at nearby foes to attack.
You have a long armoured tail.
You curl defensively after being hit. (AC +7*)
You are partially covered in iridescent scales. (AC +2)
You are weak. (Str -2)
You have hidden genetic defects.


Message History

The orc wizard mumbles some strange words.
The orc wizard flickers and vanishes for a moment.
The orc wizard casts a spell at you. The magic dart hits you.
The orc wizard casts a spell at you. The puff of flame misses you.
You feel less confused.
The orc shouts!
The orc wizard points at you and mumbles some strange words.
The puff of flame misses you. The orc wizard barely misses you.
The orc wizard mumbles some strange words.
The orc wizard flickers and vanishes for a moment.
There is a stone staircase leading up here.
The orc wizard zaps a wand.
The bolt of acid hits you!!
Ouch! That really hurt!
The acid corrodes you!
You climb upwards.
There is a stone staircase leading down here.
You are too injured to fight recklessly!
You are too injured to fight recklessly!
You are too injured to fight recklessly!
You closely miss the orc wizard.
The orc wizard zaps a wand.
The bolt of acid misses you.
You hit the orc wizard.
Your tail-slap misses the orc wizard.
The orc wizard is lightly wounded.
The orc wizard hits you but does no damage.
You closely miss the orc wizard.
The orc wizard is lightly wounded.
The orc wizard barely misses you.
The orc wizard hits you but does no damage.
You closely miss the orc wizard.
The orc wizard is lightly wounded.
The orc wizard hits you but does no damage.
You barely miss the orc wizard. You tail-slap the orc wizard.
The orc wizard is heavily wounded.
The orc wizard zaps a wand.
The bolt of acid misses you.
You miss the orc wizard. You tail-slap the orc wizard.
The orc wizard is heavily wounded.
The orc wizard zaps a wand.
The bolt of acid hits you!!
You die...

................##.#.### #
........#######..#...############
........# #####.................
........####.......#.##......####
........#......#####.........# #.
.......#...<....## ####......###.
#.....#..........# #..........
.[.####.....<....# #........##
...###.........o@# #.......##
...##).....).....# ####....###
.)..).#..........##########.#...#
...#####...................).##.#
.<.#####.....>..###########......
.................# ###.#####
...####..........# ##...# ...#
#..........# #..###
#######..........# ##.##


You could see an orc wizard.

Vanquished Creatures
  A wyvern (D:5)
  An ice beast (D:5)
  An ogre (D:4)
  A centaur zombie (D:5)
  A hound (D:5)
  A gnoll shaman (D:4)
  An orc wizard (D:3)
  3 iguanas
  A hound skeleton (D:5)
  9 gnolls
  5 adders
  An ufetubus (D:4)
  2 worms (D:2)
  4 dart slugs
  5 orcs
  4 bats
  10 endoplasms
  A giant cockroach (D:2)
  9 goblins
  11 hobgoblins
  2 jackals (D:1)
  11 kobolds
  A quokka (D:3)
  8 ball pythons
  4 frilled lizards
  4 rats
102 creatures vanquished.

Vanquished Creatures (others)
  8 plants (D:2)
8 creatures vanquished.

Grand Total: 110 creatures vanquished

Notes
Turn   | Place    | Note
-------+----------+-------------------------------------------
     0 | Abyss:1  | marklar909 the Palentonga Abyssal Knight began the quest
                  | for the Orb.
     0 | Abyss:1  | Reached XP level 1. HP: 19/19 MP: 2/2
   144 | Abyss:1  | Noticed a shadow
   148 | D:1      | Escaped the Abyss
   298 | D:1      | Reached XP level 2. HP: 20/25 MP: 3/3
   896 | D:1      | Reached * piety under Lugonu
  1045 | D:1      | Reached XP level 3. HP: 31/31 MP: 4/4
  1758 | D:2      | Reached skill level 1 in Dodging
  1787 | D:2      | Reached XP level 4. HP: 27/37 MP: 5/5
  2242 | D:3      | Found a blossoming altar of Fedhas.
  2268 | D:3      | Reached skill level 3 in Maces & Flails
  2544 | D:3      | Found a bloodstained altar of Trog.
  2659 | D:3      | Found a hazy altar of Hepliaklqana.
  2916 | D:3      | Reached ** piety under Lugonu
  2990 | D:3      | Reached XP level 5. HP: 43/43 MP: 7/7
  3524 | D:4      | Noticed an ogre
  3879 | D:2      | HP: 2/43 [gnoll (3)]
  4773 | D:4      | Reached XP level 6. HP: 40/51 MP: 8/8
  5073 | D:4      | Found an ornate altar of the Wu Jian Council.
  5227 | D:4      | Reached skill level 4 in Maces & Flails
  5389 | D:5      | Entered Level 5 of the Dungeon
  5548 | D:5      | Noticed an ice beast
  5582 | D:5      | Killed an ice beast
  5583 | D:5      | Gained mutation: You curl defensively after being hit. (AC
                  | +7*) [Palentonga growth]
  5583 | D:5      | Reached XP level 7. HP: 50/57 MP: 9/9
  5769 | D:5      | Noticed a wyvern
  5813 | D:5      | HP: 1/85 [hound (5)]
  5814 | D:5      | Killed a wyvern
  5815 | D:5      | Reached skill level 5 in Maces & Flails
  5822 | D:5      | Gained mutation: You are partially covered in iridescent
                  | scales. (AC +2) [potion of mutation]
  5822 | D:5      | Gained mutation: You are weak. (Str -2) [potion of
                  | mutation]
  5822 | D:5      | Gained mutation: You have hidden genetic defects. [potion
                  | of mutation]
  5830 | D:5      | HP: 2/57 [hound (2)]
  6181 | D:4      | Killed from afar by an orc wizard

Illustrated notes

Levels and vault maps discovered:
D:1:      lightli_arrival_flooded_house, layout_basic, roderic_lattice_a
D:2:      layout_basic, guppyfry_early_lair_pool
D:3:      minmay_spotlight, layout_loops_cross, marbit_many_paths,
          old_standard_altar, mainiacjoe_overflow_cross_hatched, nrook_campfire,
          amcnicky_mini_rare_corridor_liquid
D:4:      layout_rooms, mainiacjoe_overflow_24_doors,
          chequers_serial_rivers_room_a
D:5:      layout_layer_cave

Skill      XL: |  1  2  3  4  5  6  7 |
---------------+----------------------+-----
Armour         | 2 3 4 |  4.1
Dodging        | 1 |  1.9
Maces & Flails | 3 4 5 |  5.0
Invocations    | 3 4 |  4.3
Fighting       | 4 |  4.3
Stealth        | |  0.2

Action                   |  1- 3 |  4- 6 |  7- 9 || total
-------------------------+-------+-------+-------++-------
Melee: Mace              |   120 |    30 |       ||   150
       Tailslap          |     9 |    14 |     9 ||    32
       Flail             |       |   159 |    39 ||   198
Invok: Depart the Abyss  |     1 |       |       ||     1
       Bend Space        |       |       |     3 ||     3
 Abil: Rolling Charge    |       |     2 |       ||     2
  Use: Scroll            |     1 |     4 |     2 ||     7
       Potion            |       |       |     4 ||     4
Armor: Ring mail         |    77 |    91 |    44 ||   212
Dodge: Dodged            |    66 |    83 |    74 ||   223

Table legend: (Time is in decaauts)
 A = Elapsed time spent in this place.
 B = Non-inter-level travel time spent in this place.
 C = Inter-level travel time spent in this place.
 D = Time resting spent in this place.
 E = Time spent auto-exploring this place.
 F = Levels seen in this place.
 G = Mean time per level.
                   A        B        C        D        E       F      G
               +--------+--------+--------+--------+--------+-----+--------+
         Total |   6277 |   5973 |    304 |   1349 |   3531 |   6 | 1046.2 |
       Dungeon |   6129 |   5825 |    304 |   1349 |   3386 |   5 | 1225.8 |
         Abyss |    148 |    148 |      0 |      0 |    145 |   1 |  148.0 |
               +--------+--------+--------+--------+--------+-----+--------+

Top non-repeatable levels by time:
     D:3: 2261 daAuts
     D:1: 1185 daAuts
     D:2: 1088 daAuts
     D:5: 802 daAuts
     D:4: 791 daAuts
 Abyss:1: 148 daAuts
